 Dungeon Crawl Stone Soup version 0.19-a0-1109-g16db51f (webtiles) character file.

147 Jmtri7 the Chopper (level 4, -1/37 HPs)
             Began as a Demigod Fighter on Aug 9, 2016.
             Slain by an ogre
             ... wielding a +0 giant club
              (18 damage)
             ... on level 4 of the Dungeon.
             The game lasted 00:04:29 (1888 turns).

Jmtri7 the Chopper (Demigod Fighter)                Turns: 1888, Time: 00:04:30

Health: -1/37      AC: 10    Str: 21    XL:     4   Next: 80%
Magic:  6/6        EV:  5    Int: 12    God:
Gold:   223        SH:  9    Dex: 15    Spells: 0 memorised, 3 levels left

rFire  . . .     SeeInvis .     a - +0 war axe
rCold  . . .     Gourm    .     g - +0 chain mail
rNeg   . . .     Faith    .     c - +0 shield
rPois  .         Spirit   .     (no helmet)
rElec  .         Dismiss  .     q - +0 cloak
rCorr  .         Reflect  .     (no gloves)
SustAt +         Harm     .     (no boots)
MR     .....                    (no amulet)
Stlth  ..........               (no ring)
                                (no ring)

@:
A: high mp 1, sustain attributes
a: no special abilities


You were on level 4 of the Dungeon.
You were not hungry.

You visited 1 branch of the dungeon, and saw 4 of its levels.

You collected 223 gold pieces.

Inventory:

Hand Weapons
 a - a +0 war axe (weapon)
Armour
 c - a +0 shield (worn)
 g - a +0 chain mail (worn)
 q - a +0 cloak (worn)
Wands
 l - a wand of heal wounds (1/9)
Scrolls
 h - 2 scrolls of teleportation {unknown}
 i - 6 scrolls of identify {unknown}
 j - a scroll of noise {unknown}
 r - a scroll of enchant weapon {unknown}
Potions
 d - a potion of might
 e - a potion of resistance {unknown}
 m - a potion of agility {unknown}
 n - a potion of curing {unknown}
 p - a potion of haste {unknown}
 t - a potion of flight {unknown}
Comestibles
 b - a chunk of flesh
 f - 2 bread rations
 k - 3 fruits
 o - 3 meat rations
 s - a slice of pizza


   Skills:
 - Level 2.6 Fighting
 + Level 4.8 Axes
 - Level 2.6 Armour
 - Level 2.6 Shields


You had 3 spell levels left.
You didn't know any spells.

Dungeon Overview and Level Annotations

Branches:
Dungeon (4/15)
 Temple: D:4-7

Shops:
D:4 %=

Annotations:
D:3 Deeps's ghost, amateur HOFi


Innate Abilities, Weirdness & Mutations

You have an increased reservoir of magic. (+10% MP)
Your attributes are resistant to harm.


Message History

There are no items here.
You now have 209 gold pieces (gained 9).
You now have 216 gold pieces (gained 7).
You now have 223 gold pieces (gained 7).
You hear the brisk rusting of a very distant drain.
i - 6 scrolls labeled CAIDAQ VEGRI (gained 1)
t - a blue potion You see here 28 stones.
Found a leather armour.
There is an entrance to Gapt's Food Emporium here.
o - 3 meat rations (gained 1)
You see here a leather armour.
Found a ring mail.
An ogre comes into view. It is wielding a giant club.
The ogre shouts!
You see here a leather armour.
You start resting.
Your shield prevents you from hitting the ogre.
The ogre hits you with a giant club!!
You die...

#..# #..#
#######..#
.........#
#######.##
#.########
#........#
##O......#
#@..#######
##[## ...
#.# #.####.#
#.# #..#...#
#.# ##.....#
#.# #.∩.#.#
#(# #.....#
#.# #.#...#
#.#
#.....####<#


You could see an ogre.

Vanquished Creatures
  A phantom (D:4)
  An adder (D:3)
  An ooze (D:2)
  A worm (D:4)
  2 dart slugs
  A giant gecko (D:2)
  An orc (D:3)
  3 giant cockroaches
  6 goblins
  9 hobgoblins
  2 ball pythons
  2 bats
  2 giant newts
  4 kobolds (D:1)
  4 rats
40 creatures vanquished.

Notes
Turn   | Place    | Note
-------+----------+-------------------------------------------
     0 | D:1      | Jmtri7 the Demigod Fighter began the quest for the Orb.
     0 | D:1      | Reached XP level 1. HP: 18/18 MP: 3/3
    11 | D:1      | Reached skill level 2 in Axes
    90 | D:1      | Reached XP level 2. HP: 20/25 MP: 4/4
   344 | D:1      | Reached skill level 3 in Axes
   784 | D:2      | Reached XP level 3. HP: 21/30 MP: 5/5
  1148 | D:3      | Found an opulent altar of Gozag.
  1532 | D:3      | Noticed Deeps's ghost (amateur HOFi)
  1786 | D:4      | Found Gapt's Food Emporium.
  1786 | D:4      | Found Esirapu's Jewellery Shop.
  1788 | D:4      | Noticed a phantom
  1827 | D:4      | Killed a phantom
  1827 | D:4      | Reached skill level 4 in Axes
  1827 | D:4      | Reached XP level 4. HP: 10/37 MP: 6/6
  1876 | D:4      | Noticed an ogre
  1888 | D:4      | Slain by an ogre

Vault maps used:
D:1:      lightli_arrival_chessboard, serial_curves, eino_curves_02,
          eino_curves_04
D:3:      grunt_gozag_statues, lemuel_coloured_pillars_altar,
          ecumenical_altar_1, nrook_uturn
D:4:      portal_sewer_entry_d, serial_shops, shop_coins, nicolae_shop_stone,
          shop_fountains, nicolae_shop_competitors_out_of_business,
          gammafunk_pakellas_spire_experiment, uniq_grinder

Skill      XL: |  1  2  3 |
---------------+----------+-----
Axes           | 2 3 4 |  4.8
Fighting       | |  2.6
Armour         | |  2.6
Shields        | |  2.6

Action                   |  1- 3 |  4- 6 || total
-------------------------+-------+-------++-------
Melee: War axe           |   128 |     1 ||   129
  Eat: Chunk             |     3 |       ||     3
Armor: Scale mail        |    39 |       ||    39
       Chain mail        |    19 |       ||    19
Dodge: Dodged            |    38 |       ||    38
Block: Shield            |    73 |       ||    73
